 Dungeon Crawl Stone Soup version 0.30-a0-457-g4b7bca3bfa (webtiles) character file.

Game seed: 15255387945955159136

212 pokeman the Magician (level 5, -6/29 HPs)
             Began as a Deep Elf Hedge Wizard on Dec 13, 2022.
             Killed from afar by an orc wizard (10 damage)
             ... with a puff of flame
             ... on level 3 of the Dungeon.
             The game lasted 00:05:44 (2622 turns).

pokeman the Magician (Deep Elf Hedge Wizard)        Turns: 2622, Time: 00:05:44

Health: -6/29      AC:  2    Str:  7    XL:     5   Next: 58%
Magic:  2/15       EV: 13    Int: 21    God:
Gold:   119        SH:  5    Dex: 14    Spells: 8/16 levels left

rFire   . . .      SeeInvis .    a - +0 dagger
rCold   . . .      Faith    .    (no shield)
rNeg    . . .      Spirit   .    i - +0 robe {Will+}
rPois   .          Reflect  +    c - +0 hat
rElec   .          Harm     .    (no cloak)
rCorr   .          Rampage  .    (no gloves)
Will    +....                    (no boots)
Stlth   ++........               m - amulet of reflection
HPRegen 0.24/turn                (no ring)
MPRegen 0.14/turn                (no ring)

@: no status effects
A: no striking features
a: no special abilities


You were on level 3 of the Dungeon.
You visited 1 branch of the dungeon, and saw 4 of its levels.

You collected 119 gold pieces.

Inventory:

Hand Weapons
 a - a +0 dagger (weapon)
Missiles
 r - 2 throwing nets
Armour
 c - a +0 hat (worn)
 i - a +0 robe of willpower (worn)
Magical Staves
 f - a staff of death
Jewellery
 m - an amulet of reflection (around neck)
Scrolls
 b - a scroll of vulnerability {unknown}
 e - a scroll of brand weapon {unknown}
 g - a scroll of blinking {unknown}
 h - 4 scrolls of fear {unknown}
 j - a scroll of enchant weapon {unknown}
 k - 2 scrolls of teleportation {unknown}
 q - a scroll of poison {unknown}
 t - 3 scrolls of noise {unknown}
 u - a scroll of identify {unknown}
Potions
 d - 2 potions of magic
 l - a potion of brilliance {unknown}
 n - a potion of heal wounds {unknown}
 o - a potion of curing {unknown}
 p - a potion of attraction {unknown}
 s - a potion of flight {unknown}
 v - a potion of experience {unknown}


   Skills:
 - Level 1.0 Fighting
 - Level 1.4 Armour
 - Level 3.0 Dodging
 + Level 2.9 Stealth
 * Level 6.4 Spellcasting
 + Level 2.8 Conjurations
 - Level 1.1 Summonings
 - Level 1.1 Translocations
 + Level 0.9 Evocations


You had 8 spell levels left.
You knew the following spells:

 Your Spells              Type           Power      Damage    Failure   Level
a - Magic Dart            Conj           72%        1d6       3%          1
b - Mephitic Cloud        Conj/Pois/Air  10%        N/A       19%         3
c - Call Imp              Summ           11%        N/A       9%          2
d - Blink                 Tloc           22%        N/A       9%          2

Your spell library contained the following spells:

 Spells                   Type           Power      Damage    Failure   Level
 Slow                     Hex            24%        N/A       10%         1
 Cigotuvi's Dreadful Rot  Necr/Pois/Air  12%        N/A       14%         2


Dungeon Overview and Level Annotations

Branches:
Dungeon (4/15)
 Temple: D:4-7

Altars:


Message History

The orc closely misses something.
The orc barely misses itself.
Something hits you.
* * * LOW HITPOINT WARNING * * *
The hobgoblin attacks as you move away! The hobgoblin completely misses you.
The rat closely misses your crimson imp.
The orc barely misses the rat.
You hear some strange, mumbled words.
A puff of flame appears from out of thin air!
The puff of flame misses you.
Your crimson imp hits the hobgoblin but does no damage.
Your crimson imp blinks!
Casting: Magic Dart (safe; 3% risk of failure)
Confirm with . or Enter, or press ? or * to list all spells.
A beastly little devil appears in a puff of frigid air.
The hobgoblin hits you but does no damage.
Unknown command.
You hit the hobgoblin.
The hobgoblin is moderately wounded.
The hobgoblin hits you.
* * * LOW HITPOINT WARNING * * *
Something hits your white imp but does no damage.
The rat barely misses your white imp.
Your white imp closely misses the hobgoblin.
Unknown command.
You hit the hobgoblin.
You kill the hobgoblin!
The orc misses something.
Something hits your white imp.
Unknown command.
You hit the rat.
You kill the rat!
Your white imp gestures at the orc.
The puff of frost hits the orc!
The orc dies!
Unknown command.
Something hits you.
* * * LOW HITPOINT WARNING * * *
You hear some strange, mumbled words.
A puff of flame appears from out of thin air!
The puff of flame hits you!
You die...

###.######.............#.g.#
#.######.#.....##......#
###........#.....##.####.#
.##.####.#.#.....##.##...# #
.##.####.#.#.....##.)))).#.#
...................).......#
...#####...#....{#5..#######
#....))..[..................
#.##)#####.#....@##.########
#.##..# #..........#
#.###.## ###...#.#.########
....#..### #.#.#.#.........
#.#.##...##..#.#<#.########
..#.####.......#..........#
###.##.......###.#...####.#
#.#..[>........###.# #.#
###.#.........## #.# #.#


You could see a friendly white imp (summoned).

Vanquished Creatures
  A hound (D:4)
  Natasha (D:3)
  An orc wizard (D:3)
  2 gnolls (D:2)
  3 adders
  6 orcs (D:3)
  7 ball pythons
  3 bats (D:1)
  An endoplasm (D:3)
  3 giant cockroaches
  5 goblins
  7 hobgoblins
  3 jackals (D:1)
  A kobold (D:4)
  A quokka (D:1)
  5 frilled lizards
  9 rats
59 creatures vanquished.

Vanquished Creatures (collateral kills)
  2 gnolls (D:2)
  2 orcs (D:3)
4 creatures vanquished.

Grand Total: 63 creatures vanquished

Notes
Turn   | Place    | Note
-------+----------+-------------------------------------------
     0 | D:1      | pokeman the Deep Elf Hedge Wizard began the quest for the
                  | Orb.
     0 | D:1      | Reached XP level 1. HP: 10/10 MP: 7/7
   189 | D:1      | Reached XP level 2. HP: 10/16 MP: 3/9
   696 | D:1      | Reached skill level 5 in Spellcasting
   972 | D:2      | Reached XP level 3. HP: 20/20 MP: 7/11
   978 | D:2      | Learned a level 3 spell: Mephitic Cloud
   981 | D:2      | Learned a level 2 spell: Call Imp
   984 | D:2      | Learned a level 2 spell: Blink
  1211 | D:2      | Reached skill level 1 in Fighting
  1267 | D:2      | You fall into a shaft and drop 2 floors!
  1285 | D:4      | Reached skill level 1 in Armour
  1285 | D:4      | Reached XP level 4. HP: 20/25 MP: 0/13
  1827 | D:2      | Reached skill level 6 in Spellcasting
  1827 | D:2      | Reached XP level 5. HP: 17/29 MP: 9/15
  2530 | D:3      | Noticed Natasha
  2536 | D:3      | Killed Natasha
  2622 | D:3      | Killed from afar by an orc wizard

Illustrated notes

Levels and vault maps discovered:
D:1:      erik_arrival_cave_to_civilisation [erik_arrival_cave_to_hall],
          layout_rooms
D:2:      layout_basic
D:3:      layout_basic, lemuel_tele_altar, minivault_27, amethyst_killhole,
          uniq_terence, uniq_natasha
D:4:      minmay_general_purpose_star, layout_basic, uniq_sigmund

Skill      XL: |  1  2  3  4 |
---------------+-------------+-----
Spellcasting   | 5 6 |  6.4
Fighting       | 1 |  1.0
Conjurations   | 2 |  2.8
Armour         | 1 |  1.4
Dodging        | 3 |  3.0
Stealth        | |  2.9
Summonings     | |  1.1
Translocations | |  1.1
Evocations     | |  0.9

Action                   |  1- 3 |  4- 6 || total
-------------------------+-------+-------++-------
Melee: Dagger            |    26 |    28 ||    54
 Cast: Magic Dart        |    72 |    70 ||   142
       Mephitic Cloud    |     1 |     3 ||     4
       Call Imp          |     1 |     2 ||     3
 Stab: Confused          |     1 |     2 ||     3
Armor: Robe              |     7 |     4 ||    11
Dodge: Dodged            |    37 |    28 ||    65
Block: Other             |     4 |     5 ||     9
       Reflection        |     1 |       ||     1

Table legend: (Time is in decaauts)
 A = Elapsed time spent in this place.
 B = Non-inter-level travel time spent in this place.
 C = Inter-level travel time spent in this place.
 D = Time resting spent in this place.
 E = Time spent auto-exploring this place.
 F = Levels seen in this place.
 G = Mean time per level.
                   A        B        C        D        E       F      G
               +--------+--------+--------+--------+--------+-----+--------+
         Total |   2622 |   2585 |     37 |    119 |   2037 |   4 |  655.5 |
       Dungeon |   2622 |   2585 |     37 |    119 |   2037 |   4 |  655.5 |
               +--------+--------+--------+--------+--------+-----+--------+

Top non-repeatable levels by time:
     D:1: 952 daAuts
     D:2: 894 daAuts
     D:3: 641 daAuts
     D:4: 134 daAuts
